 Dungeon Crawl Stone Soup version 0.17-a0-1504-gb7d9117 (webtiles) character file.

9471 nubinia the Thaumaturge (level 11, -1/48 HPs)
             Began as a Spriggan Earth Elementalist on July 7, 2015.
             Was the Champion of Sif Muna.
             Slain by a spiny frog (10 damage)
             ... on level 2 of the Lair of Beasts on July 8, 2015.
             The game lasted 01:11:56 (13227 turns).

nubinia the Thaumaturge (SpEE)                     Turns: 13227, Time: 01:11:56

Health: -1/48      AC:  5    Str:  8    XL:     11   Next: 23%
Magic:  2/29       EV: 22    Int: 19    God:    Sif Muna [******]
Gold:   758        SH:  9    Dex: 18    Spells: 9 memorised, 10 levels left

rFire  . . .     SeeInvis +     b - 362 stones
rCold  . . .     Clarity  .     j - +0 robe
rNeg   + . .     SustAt   .     q - +3 buckler {rN+}
rPois  .         Gourm    .     (helmet restricted)
rElec  .         Spirit   .     M - +2 cloak {MR+}
rCorr  .         Warding  .     (gloves unavailable)
rMut   .         Stasis   .     (boots unavailable)
MR     ++...                    (no amulet)
Stlth  +++++.....               (no ring)
                                x - +4 ring of strength

@: lethally poisoned (-1 -> -15), very quick, very resistant to hostile
enchantments, quite stealthy
A: unfitting armour, see invisible, herbivore 3, speed 3, slow metabolism 2
a: Channel Energy, Forget Spell, Renounce Religion


You were on level 2 of the Lair of Beasts.
You worshipped Sif Muna.
Sif Muna was exalted by your worship.
You were not hungry.

You visited 2 branches of the dungeon, and saw 11 of its levels.

You collected 758 gold pieces.

Inventory:

Hand weapons
 a - a +3 dagger of protection
 g - a +0 dagger
 s - a +0 hunting sling
 E - a +0 dagger of flaming
 H - a +0 short sword of venom
 L - a +0 dagger of venom
Missiles
 b - 362 stones (in hand)
 t - 15 sling bullets
Armour
 j - a +0 robe (worn)
 q - a +3 buckler of positive energy (worn)
 B - a +0 cloak
 M - a +2 cloak of magic resistance (worn)
Jewellery
 x - a +4 ring of strength (left hand)
Magical devices
 v - a wand of frost (16)
 y - a wand of disintegration (7)
 C - a wand of fire (10)
 G - a wand of confusion (30)
 J - a wand of lightning (9)
Scrolls
 f - 2 scrolls of teleportation
 h - a scroll of magic mapping
 i - 5 scrolls of fog
 k - 5 scrolls of remove curse
 p - a scroll of recharging
 D - 5 scrolls of identify
Potions
 e - 3 potions of flight
 l - a potion of ambrosia
 m - a potion of heal wounds
 n - a potion of might
 o - 5 potions of curing
 z - 2 potions of magic
 A - 2 potions of cure mutation
 I - a potion of agility
Books
 c - a book of Geomancy

   Spells                             Type                      Level
   a - Sandblast                      Earth                        1
   b - Stoneskin                      Transmutation/Earth          2
   c - Passwall                       Transmutation/Earth          3
   d - Stone Arrow                    Conjuration/Earth            3
   e - Petrify                        Transmutation/Earth          4
   f - Lee's Rapid Deconstruction     Earth                        5
 r - a book of the Warp

   Spells                             Type                      Level
   a - Recall                         Summoning/Translocation      3
   b - Gell's Gravitas                Hexes/Translocation          3
   c - Force Lance                    Conjuration/Translocation    4
   d - Phase Shift                    Translocation                5
   e - Warp Weapon                    Charms/Translocation         5
   f - Summon Forest                  Summoning/Translocation      5
 u - a book of Conjurations

   Spells                             Type                      Level
   a - Magic Dart                     Conjuration                  1
   b - Searing Ray                    Conjuration                  2
   c - Dazzling Spray                 Conjuration/Hexes            3
   d - Fulminant Prism                Conjuration/Hexes            4
   e - Iskenderun's Mystic Blast      Conjuration                  4
   f - Iskenderun's Battlesphere      Conjuration/Charms           5
Comestibles
 d - 8 bread rations


   Skills:
 + Level 0.8 Fighting
 + Level 2.3 Short Blades
 + Level 0.8 Slings
 + Level 6.9 Dodging
 + Level 8.5 Stealth
 + Level 0.7 Shields
 * Level 13.4 Spellcasting
 + Level 1.5 Conjurations
 * Level 4.1 Translocations
 * Level 8.7 Transmutations
 + Level 8.0 Earth Magic


You had 10 spell levels left.
You knew the following spells:

 Your Spells              Type           Power        Failure   Level  Hunger
a - Magic Dart            Conj           ###.         6%          1    None
b - Stone Arrow           Conj/Erth      ####..       3%          3    None
c - Passwall              Trmt/Erth      #####.....   1%          3    None
d - Petrify               Trmt/Erth      #####...     2%          4    None
e - Sandblast             Erth           #####.       1%          1    None
f - Force Lance           Conj/Tloc      ###.....     28%         4    None
g - Dazzling Spray        Conj/Hex       ###.....     21%         3    None
l - Lee's Rapid Deconstr  Erth           #####.....   12%         5    ####...
s - Stoneskin             Trmt/Erth      #####...     1%          2    None


Dungeon Overview and Level Annotations

Branches:
Dungeon (9/15)             Temple (0/1) D:6            Lair (2/8) D:9
    Orc (0/4) D:9

Altars:
Dithmenos
Fedhas
Gozag
Kikubaaqudgha
Makhleb
Okawaru
Qazlal
Sif Muna
Trog
Vehumet
Zin
The Shining One

Shops:
D:5 %


Innate Abilities, Weirdness & Mutations

You are tiny and cannot use many weapons and most armour.
You have supernaturally acute eyesight.
You are a herbivore.
You cover ground extremely quickly.
You need consume almost no food.


Message History

Aim: a spiny frog (almost dead)
The magic dart hits the spiny frog.
The spiny frog is almost dead.
* * * LOW HITPOINT WARNING * * *
You feel sick. The spiny frog misses you.
Drink which item? (? for menu, Esc to quit)
Okay, then.
Unknown command.
Unknown command.
Unknown command.
Casting: Magic Dart
Confirm with . or Enter, or press ? or * to list all spells.
Aiming: Magic Dart
Press: ? - help, Shift-Dir - straight line, f/p - spiny frog
Aim: a spiny frog (almost dead)
The magic dart hits the spiny frog.
The spiny frog is almost dead.
* * * LOW HITPOINT WARNING * * *
You feel sick. The spiny frog stings you!
You die...

#........####.#.###.....#
#P......##..###.##......
#.............[.........
####....................
##.%.................
#### ### ##
##..................
...#P..#
.#..#...................
........
......F#................
.....H.H
.......@.###.##.#......#
........ ........##
######......# ........
........# ... ........
........# .#...#.#
#.....}## .##### #
##..... ## #..... ......


You could see a spiny frog.

Vanquished Creatures
  2 hydras
  The ghost of urechis the Grappler, an experienced TrMo (D:5)
  Maurice (D:8)
  2 spiny frogs (Lair:1)
  A komodo dragon (Lair:2)
  A troll (D:7)
  Prince Ribbit (D:7)
  5 blink frogs (Lair:2)
  A wyvern (Lair:2)
  3 yaks (Lair:1)
  A hungry ghost (D:6)
  3 hippogriffs
  A phantom (D:8)
  2 orc warriors
  2 water moccasins
  2 black bears
  4 ice beasts
  A sky beast (D:9)
  3 porcupines (Lair:1)
  A necrophage (D:8)
  A centaur (D:7)
  4 ogres
  9 giant frogs
  A gnoll sergeant (D:8)
  A scorpion (D:4)
  A quasit (D:6)
  3 crimson imps
  A centaur zombie (D:9)
  2 giant frog skeletons
  3 orc priests
  A jelly (D:7)
  Crazy Yiuf (D:4)
  6 orc wizards
  5 hounds
  4 iguanas
  9 worker ants
  A hound zombie (D:7)
  A worker ant zombie (D:9)
  7 gnolls
  8 river rats
  14 adders
  2 shadow imps
  An adder skeleton (D:4)
  2 giant geckos
  30 orcs
  14 hobgoblins
  13 jackals
  4 quokkas
  2 ball pythons
  14 bats
  7 giant cockroaches
  4 giant newts
  14 goblins
  14 kobolds
  A quokka skeleton (D:8)
  8 rats
251 creatures vanquished.

Vanquished Creatures (others)
  10 fungi
  A plant (D:9)
11 creatures vanquished.

Grand Total: 262 creatures vanquished

Notes
Turn   | Place    | Note
--------------------------------------------------------------
     0 | D:1      | nubinia the Spriggan Earth Elementalist began the quest for the Orb.
     0 | D:1      | Reached XP level 1. HP: 9/9 MP: 5/5
   431 | D:1      | Reached XP level 2. HP: 13/13 MP: 3/6
   435 | D:1      | Learned a level 2 spell: Stoneskin
  1415 | D:2      | Reached XP level 3. HP: 16/16 MP: 5/8
  2271 | D:2      | Reached XP level 4. HP: 21/21 MP: 7/10
  2693 | D:2      | Learned a level 3 spell: Passwall
  2698 | D:3      | Found a faded altar to an unknown god.
  2763 | D:3      | Reached skill level 4 in Dodging
  2991 | D:3      | Learned a level 3 spell: Stone Arrow
  3357 | D:3      | Reached XP level 5. HP: 21/24 MP: 8/12
  3442 | D:3      | Found a bloodstained altar of Trog.
  4081 | D:4      | Noticed an ogre
  4088 | D:4      | Killed an ogre
  4088 | D:4      | Reached skill level 1 in Short Blades
  4088 | D:4      | Reached skill level 5 in Spellcasting
  4088 | D:4      | Reached XP level 6. HP: 23/28 MP: 4/14
  4382 | D:4      | Noticed Crazy Yiuf
  4388 | D:4      | Killed Crazy Yiuf
  4540 | D:4      | Found a deep blue altar of Sif Muna.
  4546 | D:4      | Became a worshipper of Sif Muna the Loreminder
  4778 | D:4      | Found an iron altar of Okawaru.
  4923 | D:4      | Reached XP level 7. HP: 32/32 MP: 16/16
  5083 | D:5      | Entered Level 5 of the Dungeon
  5135 | D:5      | Found Cewkoc's Food Shop.
  5249 | D:5      | Noticed urechis's ghost (experienced TrMo)
  5334 | D:5      | Killed urechis's ghost
  5334 | D:5      | Acquired Sif Muna's first power
  5334 | D:5      | Reached skill level 7 in Spellcasting
  5334 | D:5      | Reached skill level 5 in Earth Magic
  5798 | D:5      | Reached XP level 8. HP: 36/36 MP: 11/20
  6053 | D:5      | Reached skill level 5 in Stealth
  6258 | D:5      | Found a radiant altar of Vehumet.
  6259 | D:5      | Found a burning altar of Makhleb.
  6661 | D:5      | Learned a level 4 spell: Petrify
  6670 | D:6      | Found a staircase to the Ecumenical Temple.
  6826 | D:6      | Reached skill level 5 in Dodging
  6826 | D:6      | Reached skill level 8 in Spellcasting
  6954 | D:6      | Acquired Sif Muna's second power
  7018 | D:6      | Found an opulent altar of Gozag.
  7264 | D:6      | Reached skill level 9 in Spellcasting
  7480 | D:7      | Noticed Prince Ribbit
  7509 | D:7      | Killed Prince Ribbit
  7509 | D:7      | Reached skill level 5 in Transmutations
  7509 | D:7      | Reached XP level 9. HP: 39/39 MP: 17/23
  7516 | D:7      | Learned a level 5 spell: Lee's Rapid Deconstruction
  7941 | D:7      | Reached skill level 10 in Spellcasting
  8041 | D:7      | Noticed a troll
  8512 | D:7      | Killed a troll
  8737 | D:7      | Reached skill level 1 in Conjurations
  9148 | D:8      | Reached skill level 11 in Spellcasting
  9692 | D:8      | Acquired Sif Muna's third power
  9836 | D:8      | Noticed Maurice
  9883 | D:8      | Killed Maurice
  9883 | D:8      | Reached XP level 10. HP: 36/44 MP: 7/26
 10167 | D:9      | Found a staircase to the Lair.
 10377 | D:9      | Found a shadowy altar of Dithmenos.
 10387 | D:9      | Found an ancient bone altar of Kikubaaqudgha.
 10430 | D:9      | Found a staircase to the Orcish Mines.
 10596 | D:9      | Found a stormy altar of Qazlal.
 10599 | D:9      | Found a blossoming altar of Fedhas.
 10689 | D:9      | Noticed a five-headed hydra
 10714 | D:9      | Killed a five-headed hydra
 10714 | D:9      | Reached skill level 12 in Spellcasting
 10966 | D:9      | Found an opulent altar of Gozag.
 10980 | D:9      | Found a glowing silver altar of Zin.
 11013 | D:9      | Found a glowing golden altar of the Shining One.
 11046 | D:9      | Learned a level 4 spell: Force Lance
 11168 | Lair:1   | Entered Level 1 of the Lair of Beasts
 11355 | Lair:1   | Reached skill level 1 in Translocations
 11604 | Lair:1   | Noticed a five-headed hydra
 12418 | Lair:1   | Killed a five-headed hydra
 12418 | Lair:1   | Reached XP level 11. HP: 34/48 MP: 23/28
 12552 | Lair:1   | Reached skill level 13 in Spellcasting
 13111 | Lair:2   | Received a gift from Sif Muna
 13115 | Lair:2   | Learned a level 1 spell: Magic Dart
 13119 | Lair:2   | Learned a level 3 spell: Dazzling Spray
 13227 | Lair:2   | Slain by a spiny frog

Vault maps used:
D:1:      saegor_arrival_simple_e
D:2:      first_bread
D:3:      lemuel_doored_altar, ecumenical_altar_1
D:4:      okawaru_metal_pillars_3, led_sif_pool, uniq_crazy_yiuf_cottage
D:5:      grunt_temple_overflow_lords_of_destruction, serial_shops, shop
D:6:      temple_pool_a, grunt_gozag_breadcrumbs
D:7:      minmay_opposing_rooms, uniq_prince_ribbit1
D:8:      grunt_ogre_cave, kennysheep_nub, kennysheep_generic_room_10,
          uniq_maurice
D:9:      grunt_temple_overflow_gold_and_silver,
          grunt_temple_overflow_forces_of_nature,
          nicolae_overflow_crystal_walls, amethyst_overflow_temple_binary,
          due_lair_maze_entry_diamond, orc_0_dummy
Lair:1:   bh_autumn_forest_stairs

Action                   |  1- 3 |  4- 6 |  7- 9 | 10-12 || total
-------------------------+-------+-------+-------+-------++-------
Melee: Dagger            |    49 |   102 |    80 |    88 ||   319
 Fire: Hunting sling     |       |     9 |     1 |       ||    10
 Cast: Sandblast         |    44 |    73 |   188 |   151 ||   456
       Stoneskin         |     2 |     6 |     6 |     7 ||    21
       Stone Arrow       |       |     3 |    53 |    30 ||    86
       Magic Dart        |       |       |       |     3 ||     3
  Use: Potion            |     1 |       |     6 |       ||     7
       Scroll            |     1 |     8 |     4 |     9 ||    22
 Stab: Sleeping          |     3 |     8 |    22 |    17 ||    50
       Distracted        |       |     1 |     2 |       ||     3
  Eat: Royal jelly       |       |     1 |       |       ||     1
       Pizza             |       |       |     1 |       ||     1
       Fruit             |       |       |     4 |     3 ||     7
